 Dungeon Crawl Stone Soup version 0.30-a0-322-g102857c98e (webtiles) character file.

Game seed: 7437764387409456010

116 billz999 the Skirmisher (level 5, -1/43 HPs)
             Began as a Gnoll Hunter on Oct 27, 2022.
             Slain by Duvessa
             ... wielding a +0 rapier
              (4 damage)
             ... on level 4 of the Dungeon.
             The game lasted 00:03:35 (2561 turns).

billz999 the Skirmisher (Gnoll Hunter)              Turns: 2561, Time: 00:03:35

Health: -1/43      AC:  3    Str: 11    XL:     5   Next: 1%
Magic:  16/16      EV: 13    Int:  8    God:
Gold:   188        SH:  0    Dex: 17    Spells: 6/6 levels left

rFire   + . .      SeeInvis .    b - +3 mace of Fedhas's Displeasure {venom, Fly Stlth+}
rCold   + . .      Faith    .    (no shield)
rNeg    . . .      Spirit   .    c - +0 leather armour
rPois   +          Reflect  .    (no helmet)
rElec   +          Harm     .    (no cloak)
rCorr   +          Rampage  .    (no gloves)
Will    +....                    (no boots)
Stlth   +++.......               g - amulet of magic regeneration
HPRegen 0.27/turn                k - ring of willpower
MPRegen 0.55/turn                n - ring of magical power

@: resistant, flying, invisible
A: fangs 1, strong nose, distributed training
a: no special abilities


You were on level 4 of the Dungeon.
You visited 1 branch of the dungeon, and saw 4 of its levels.

You collected 188 gold pieces.

Inventory:

Hand Weapons
 a - a +0 shortbow
 b - the +3 mace of Fedhas's Displeasure (weapon) {venom, Fly Stlth+}
   (You found it on level 3 of the Dungeon)

   It poisons the flesh of those it strikes.
   Fly:       It grants you flight.
   Stlth:     It makes you more stealthy.
 l - a +2 sling of flaming
Armour
 c - a +0 leather armour (worn)
Jewellery
 g - an amulet of magic regeneration (around neck)
 k - a ring of willpower (left hand)
 m - an amulet of guardian spirit
 n - a ring of magical power (right hand)
 s - a ring of resist corrosion
Scrolls
 d - a scroll of magic mapping {unknown}
 j - a scroll of identify
 q - a scroll of brand weapon {unknown}
 t - a scroll of teleportation {unknown}
 u - a scroll of immolation
Potions
 e - 2 potions of mutation
 f - a potion of invisibility
 h - a potion of degeneration {unknown}
 i - a potion of resistance
 o - a potion of flight {unknown}
 p - a potion of brilliance {unknown}
 r - a potion of curing {unknown}


   Skills:
 + Level 4.7 Fighting
 + Level 1.3 Short Blades
 + Level 1.3 Long Blades
 + Level 1.3 Axes
 + Level 1.3 Maces & Flails
 + Level 1.3 Polearms
 + Level 1.3 Staves
 + Level 8.6 Ranged Weapons
 + Level 1.3 Throwing
 + Level 1.3 Armour
 + Level 4.7 Dodging
 + Level 2.7 Stealth
 + Level 1.3 Shields
 + Level 1.3 Unarmed Combat
 + Level 1.3 Spellcasting
 + Level 1.1 Conjurations
 + Level 1.1 Hexes
 + Level 1.1 Summonings
 + Level 1.1 Necromancy
 + Level 1.1 Translocations
 + Level 1.1 Transmutations
 + Level 1.1 Fire Magic
 + Level 1.1 Ice Magic
 + Level 1.1 Air Magic
 + Level 1.1 Earth Magic
 + Level 1.1 Poison Magic
 + Level 1.5 Invocations
 + Level 1.3 Evocations


You had 6 spell levels left.
You didn't know any spells.
Your spell library contained the following spells:

 Spells                   Type           Power      Damage    Failure   Level
 Cigotuvi's Dreadful Rot  Necr/Pois/Air  4%         N/A       43%         2
 Poisonous Vapours        Pois/Air       4%         N/A       43%         2
 Mephitic Cloud           Conj/Pois/Air  2%         N/A       67%         3


Dungeon Overview and Level Annotations

Branches:
Dungeon (4/15)
 Temple: D:4-7

Altars:

Annotations:
D:4 Dowan, Duvessa


Innate Abilities, Weirdness & Mutations

You have very sharp teeth.
Your uncanny sense of smell can sniff out nearby items.
Your experience applies equally to all skills.


Message History

The sling bullet hits Duvessa but does no damage.
Duvessa is moderately wounded.
You shoot a sling bullet.
The sling bullet hits Duvessa but does no damage.
Duvessa is moderately wounded.
You shoot a sling bullet.
The sling bullet hits Duvessa but does no damage.
Duvessa is moderately wounded.
You aren't carrying any items that you can evoke.
Unknown command.
You shoot a sling bullet.
The sling bullet hits Duvessa but does no damage.
Duvessa is moderately wounded.
Duvessa hits you with a +0 rapier!
Your +2 sling of flaming stops flaming.
You fly up into the air.
The +3 mace of Fedhas's Displeasure {venom, Fly Stlth+} begins to drip with poison!
b - the +3 mace of Fedhas's Displeasure (weapon)
{venom, Fly Stlth+} Duvessa hits you with a +0 rapier.
You hit Duvessa.
Duvessa is moderately wounded.
Dowan casts a spell at Duvessa.
Duvessa seems to speed up.
Duvessa says, "My weaknesses are his strengths!"
Duvessa hits you with a +0 rapier.
You barely miss Duvessa.
Duvessa is moderately wounded.
Duvessa gestures with her weapon.
Duvessa hits you with a +0 rapier. Duvessa hits you with a +0 rapier!
You hit Duvessa but do no damage.
Duvessa is poisoned.
Duvessa is moderately wounded.
Duvessa misses you. x2
It was a potion of resistance.
You feel protected. Duvessa completely misses you.
Dowan casts a spell.
Dowan blinks!
Duvessa hits you with a +0 rapier!
* * * LOW HITPOINT WARNING * * *
You fade into invisibility!
Duvessa hits you with a +0 rapier.
You die...

#.........####...##
##.......## ##...#
##.....## ###.#
##...## #.# ##+#
#.# #.# #.#
##.###########.#
#.e..§e@.......#
...#.###########


You could see Duvessa (fast, unable to see you, very poisoned) and Dowan (unable
to see you).

Vanquished Creatures
  5 adders
  2 ball pythons
  7 bats
  7 endoplasms
  13 goblins
  5 hobgoblins
  7 jackals
  4 quokkas
  5 frilled lizards
  3 kobolds
  6 rats
64 creatures vanquished.

Notes
Turn   | Place    | Note
-------+----------+-------------------------------------------
     0 | D:1      | billz999 the Gnoll Hunter began the quest for the Orb.
     0 | D:1      | Reached XP level 1. HP: 20/20 MP: 1/1
   193 | D:1      | Reached XP level 2. HP: 25/26 MP: 2/2
   386 | D:1      | Reached XP level 3. HP: 31/31 MP: 3/3
   538 | D:2      | Reached skill level 1 in Invocations
   671 | D:2      | Reached skill level 1 in Short Blades
   671 | D:2      | Reached skill level 1 in Long Blades
   671 | D:2      | Reached skill level 1 in Axes
   671 | D:2      | Reached skill level 1 in Maces & Flails
   671 | D:2      | Reached skill level 1 in Polearms
   671 | D:2      | Reached skill level 1 in Staves
   671 | D:2      | Reached skill level 1 in Throwing
   671 | D:2      | Reached skill level 1 in Armour
   671 | D:2      | Reached skill level 1 in Shields
   671 | D:2      | Reached skill level 1 in Unarmed Combat
   671 | D:2      | Reached skill level 1 in Spellcasting
   671 | D:2      | Reached skill level 1 in Evocations
   712 | D:2      | Reached XP level 4. HP: 38/38 MP: 5/5
   952 | D:2      | Reached skill level 1 in Conjurations
   952 | D:2      | Reached skill level 1 in Hexes
   952 | D:2      | Reached skill level 1 in Summonings
   952 | D:2      | Reached skill level 1 in Necromancy
   952 | D:2      | Reached skill level 1 in Translocations
   952 | D:2      | Reached skill level 1 in Transmutations
   952 | D:2      | Reached skill level 1 in Fire Magic
   952 | D:2      | Reached skill level 1 in Ice Magic
   952 | D:2      | Reached skill level 1 in Air Magic
   952 | D:2      | Reached skill level 1 in Earth Magic
   952 | D:2      | Reached skill level 1 in Poison Magic
  1548 | D:3      | Found a faded altar of an unknown god.
  1632 | D:3      | Identified the +3 mace of Fedhas's Displeasure {venom, Fly
                  | Stlth+}
  2293 | D:3      | Reached XP level 5. HP: 43/43 MP: 7/7
  2547 | D:4      | Noticed Duvessa
  2548 | D:4      | Noticed Dowan
  2561 | D:4      | Slain by Duvessa

Illustrated notes

Levels and vault maps discovered:
D:1:      dpeg_arrival_arbitrary_c, layout_rooms
D:2:      layout_basic
D:3:      kennysheep_the_goblin_king, layout_basic,
          ebering_ecumenical_altar_mist
D:4:      layout_loops_corners, mainiacjoe_overflow_boulevard,
          nicolae_ru_path_of_blood, ebering_ghost_inner_flame, uniq_natasha,
          uniq_duvessa

Skill      XL: |  1  2  3  4 |
---------------+-------------+-----
Invocations    | 1 |  1.5
Short Blades   | 1 |  1.3
Long Blades    | 1 |  1.3
Axes           | 1 |  1.3
Maces & Flails | 1 |  1.3
Polearms       | 1 |  1.3
Staves         | 1 |  1.3
Throwing       | 1 |  1.3
Armour         | 1 |  1.3
Shields        | 1 |  1.3
Unarmed Combat | 1 |  1.3
Spellcasting   | 1 |  1.3
Evocations     | 1 |  1.3
Conjurations   | 1 |  1.1
Hexes          | 1 |  1.1
Summonings     | 1 |  1.1
Necromancy     | 1 |  1.1
Translocations | 1 |  1.1
Transmutations | 1 |  1.1
Fire Magic     | 1 |  1.1
Ice Magic      | 1 |  1.1
Air Magic      | 1 |  1.1
Earth Magic    | 1 |  1.1
Poison Magic   | 1 |  1.1
Fighting       | |  4.7
Ranged Weapons | |  8.6
Dodging        | |  4.7
Stealth        | |  2.7

Action                   |  1- 3 |  4- 6 || total
-------------------------+-------+-------++-------
Melee: Mace              |       |     3 ||     3
 Fire: Shortbow          |    77 |       ||    77
       Sling             |     7 |    60 ||    67
  Use: Scroll            |     2 |       ||     2
       Potion            |       |     2 ||     2
Armor: Leather armour    |    12 |     2 ||    14
Dodge: Dodged            |    15 |     7 ||    22

Table legend: (Time is in decaauts)
 A = Elapsed time spent in this place.
 B = Non-inter-level travel time spent in this place.
 C = Inter-level travel time spent in this place.
 D = Time resting spent in this place.
 E = Time spent auto-exploring this place.
 F = Levels seen in this place.
 G = Mean time per level.
                   A        B        C        D        E       F      G
               +--------+--------+--------+--------+--------+-----+--------+
         Total |   2569 |   2415 |    154 |      0 |   2128 |   4 |  642.2 |
       Dungeon |   2569 |   2415 |    154 |      0 |   2128 |   4 |  642.2 |
               +--------+--------+--------+--------+--------+-----+--------+

Top non-repeatable levels by time:
     D:3: 1025 daAuts
     D:2: 963 daAuts
     D:1: 500 daAuts
     D:4: 79 daAuts
